 Dungeon Crawl Stone Soup version 0.27.0-1-g7a089689b8 (webtiles) character file.

Game seed: 11160144958904723409

159 lnt the Sneak (level 5, 0/42 HPs)
             Began as a Merfolk Delver on Aug 2, 2021.
             Was a Follower of Fedhas.
             Succumbed to a water moccasin's poison
             ... on level 6 of the Dungeon.
             The game lasted 00:18:16 (3256 turns).

lnt the Sneak (Merfolk Delver)                      Turns: 3256, Time: 00:18:17

Health: 0/42       AC:  5    Str: 12    XL:     5   Next: 40%
Magic:  5/5        EV: 12    Int:  9    God:    Fedhas [*.....]
Gold:   147        SH:  0    Dex: 17    Spells: 3/4 levels left

rFire    . . .     SeeInvis .   a - +0 spear
rCold    . . .     Faith    .   (no shield)
rNeg     . . .     Spirit   .   j - +0 ring mail
rPois    .         Reflect  .   (no helmet)
rElec    .         Harm     .   (no cloak)
rCorr    .         Rampage  .   (no gloves)
Will     .....                  (no boots)
Stlth    +++.......             s - amulet of magic regeneration
HPRegen  0.14/turn              (no ring)
MPRegen  0.34/turn              (no ring)

@: lethally poisoned (0 -> -7)
A: (nimble swimmer 2), mertail
a: Renounce Religion


You were on level 6 of the Dungeon.
You worshipped Fedhas.
Fedhas was aware of your devotion.
You visited 1 branch of the dungeon, and saw 7 of its levels.

You collected 147 gold pieces.

Inventory:

Hand Weapons
 a - a +0 spear (weapon)
 f - a +0 hand axe of electrocution
Missiles
 i - 137 stones (quivered)
Armour
 b - a +0 leather armour
 j - a +0 ring mail (worn)
Magical Staves
 r - a staff of air
Jewellery
 s - an amulet of magic regeneration (around neck)
 t - an amulet of magic regeneration
Wands
 g - a wand of digging (3)
Scrolls
 d - a scroll of magic mapping
 e - a scroll of fear
 h - a scroll of immolation {unknown}
 k - 2 scrolls of identify {unknown}
 m - a scroll of enchant weapon {unknown}
 o - a scroll of amnesia {unknown}
 p - a scroll of enchant armour {unknown}
 u - a scroll of teleportation {unknown}
Potions
 n - a potion of might {unknown}
 q - a potion of cancellation {unknown}


   Skills:
 - Level 4.0 Fighting
 - Level 3.0 Polearms
 + Level 4.4 Dodging
 - Level 6.0 Stealth
 + Level 2.0 Transmutations
 * Level 2.4 Poison Magic


You had 3 spell levels left.
You knew the following spells:

 Your Spells              Type           Power      Damage    Failure   Level
a - Sting                 Tmut/Pois      16%        1d3       36%         1

Your spell library contained the following spells:

 Spells                   Type           Power      Damage    Failure   Level
 Poisonous Vapours        Pois/Air       4%         N/A       65%         2
 Ignite Poison            Fire/Tmut/Pois 2%         N/A       83%         3
 Conjure Flame            Conj/Fire      0%         6-21      95%         3
 Olgreb's Toxic Radiance  Pois           4%         N/A       98%         4
 Sticky Flame             Conj/Fire      0%         2d3       100%        4


Dungeon Overview and Level Annotations

Branches:
Dungeon (7/15)
 Temple: D:4-7

Altars:
Fedhas
Uskayaw

Shops:
D:3 ?

Annotations:
D:3 3 runed translucent doors, spellbook inside, JBAR's ghost, amateur GrGl
D:5 exclusion: orc wizard
D:6 Prince Ribbit


Innate Abilities, Weirdness & Mutations

((You are quick and stealthy near water. (Stealth+, EV+, Speed+++)))
Your lower body shifts to a powerful aquatic tail in water.


Message History

The water moccasin poisons you!
It was a potion of curing.
You feel better.
The water moccasin completely misses you.
The water moccasin barely misses you.
You hit the water moccasin but do no damage.
The water moccasin bites you.
* * * LOW HITPOINT WARNING * * *
You barely miss the water moccasin. The water moccasin barely misses you.
You hit the water moccasin.
The water moccasin is lightly wounded.
The water moccasin closely misses you.
The water moccasin completely misses you.
You barely miss the water moccasin.
The water moccasin is lightly wounded.
The water moccasin bites you.
* * * LOW HITPOINT WARNING * * *
You hit the water moccasin.
The water moccasin is lightly wounded.
The water moccasin bites you.
* * * LOW HITPOINT WARNING * * *
You feel better. The water moccasin bites you.
* * * LOW HITPOINT WARNING * * *
You are lethally poisoned!
The water moccasin poisons you! The water moccasin bites you.
* * * LOW HITPOINT WARNING * * *
You hit the water moccasin but do no damage.
The water moccasin is lightly wounded.
* * * LOW HITPOINT WARNING * * *
You feel very sick. The water moccasin bites you.
* * * LOW HITPOINT WARNING * * *
You closely miss the water moccasin.
The water moccasin is lightly wounded.
* * * LOW HITPOINT WARNING * * *
You feel sick.
The water moccasin bites you but does no damage.
You miss the water moccasin.
The water moccasin is lightly wounded.
You die...
Fedhas appreciates your contribution to the ecosystem.

###### #
...........(..##§§§.#.#
..............##@§§.#.##
..............##§S§§...#
..............##§§§....#
..............##§§§.$...
...............+.....(.(
..............##........
.................####+#.
.........†....####
#######...#####


You could see a water moccasin.

Vanquished Creatures
  2 hounds
  3 adders
  A white imp (D:7)
  A worm (D:2)
  2 dart slugs
  4 ball pythons (D:2)
  5 bats
  5 endoplasms (D:1)
  3 giant cockroaches
  5 goblins
  7 hobgoblins
  2 quokkas
  7 frilled lizards
  6 kobolds
  2 rats (D:3)
55 creatures vanquished.

Notes
Turn   | Place    | Note
-------+----------+-------------------------------------------
     0 | D:5      | lnt the Merfolk Delver began the quest for the Orb.
     0 | D:5      | Reached XP level 1. HP: 18/18 MP: 1/1
    58 | D:5      | Noticed an orc wizard
    96 | D:4      | Noticed a hound
   123 | D:3      | Killed a hound
   124 | D:3      | Reached XP level 2. HP: 4/25 MP: 2/2
   124 | D:3      | Reached XP level 3. HP: 5/30 MP: 3/3
   418 | D:3      | Found Wannaeg's Magic Scroll Shop.
   470 | D:3      | Found a blossoming altar of Fedhas.
   481 | D:3      | Became a worshipper of Fedhas Madash
   543 | D:2      | Reached skill level 6 in Stealth
   801 | D:1      | Learned a level 1 spell: Sting
   864 | D:1      | Reached XP level 4. HP: 37/37 MP: 4/4
  1089 | D:1      | Reached * piety under Fedhas
  1326 | D:1      | Reached skill level 1 in Poison Magic
  1414 | D:1      | Found a faded altar of an unknown god.
  1774 | D:2      | Found a hide-covered altar of Uskayaw.
  1856 | D:2      | Reached skill level 1 in Transmutations
  2542 | D:3      | Found a runed translucent gate.
  2542 | D:3      | Found a runed translucent gate.
  2542 | D:3      | Found a runed translucent gate.
  2544 | D:3      | Noticed JBAR's ghost (amateur GrGl)
  2612 | D:3      | You fall into a shaft and drop 3 floors!
  2613 | D:6      | Noticed Prince Ribbit
  2613 | D:6      | Noticed an ice beast
  2662 | D:7      | Reached XP level 5. HP: 26/42 MP: 5/5
  2815 | D:7      | Noticed a sky beast
  2881 | D:7      | Noticed a steam dragon
  3237 | D:6      | Noticed a water moccasin
  3255 | D:6      | HP: 2/42 [poisoned by a water moccasin]
  3256 | D:6      | Succumbed to a water moccasin's poison

Illustrated notes

Levels and vault maps discovered:
D:1:      minmay_arrival_split_and_join, layout_basic,
          shapermc_ecumenical_altar_mp_urbaneastern
D:2:      layout_loops_ring, basic_altar, serial_park_tiny_pond,
          grunt_decor_fettered, hex_large
D:3:      layout_basic, fedhas_altar_fruit_tree, ebering_ghost_rock_garden,
          serial_shops, shop, kennysheep_generic_room_10, uniq_sigmund
D:4:      layout_cave_pools, led_xom_imps, kennysheep_small_spiral,
          minmay_ruptured
D:5:      layout_loops_ring, minmay_temple_entry_mini_moons,
          kennysheep_generic_room_3
D:6:      layout_basic, minmay_a_box_with_orc_wizards_in_it, uniq_prince_ribbit1
D:7:      layout_cave_pods, mainiacjoe_overflow_tiny_flanked

Skill      XL: |  1  2  3  4  5 |
---------------+----------------+-----
Dodging        | 3 4 |  4.4
Stealth        | 6 |  6.0
Fighting       | 4 |  4.0
Poison Magic   | 2 |  2.4
Transmutations | 1 2 |  2.0
Polearms       | |  3.0

Action                   |  1- 3 |  4- 6 || total
-------------------------+-------+-------++-------
Melee: Spear             |    50 |   179 ||   229
       Tailslap          |       |     3 ||     3
Throw: Stone             |     5 |    72 ||    77
  Use: Scroll            |     1 |     2 ||     3
       Potion            |     1 |     2 ||     3
 Stab: Sleeping          |     2 |     6 ||     8
Armor: Leather armour    |     7 |       ||     7
       Ring mail         |       |    45 ||    45
Dodge: Dodged            |    25 |    95 ||   120
